 Dungeon Crawl Stone Soup version 0.28-a0-773-g130ae17fe5 (webtiles) character file.

Game seed: 299444519981223204

3168 Essalna the Conjurer (level 9, -4/52 HPs)
             Began as a Gargoyle Fire Elementalist on Nov 2, 2021.
             Was a Follower of Vehumet.
             Shot with an arrow by a centaur (6 damage)
             ... on level 7 of the Dungeon.
             The game lasted 00:19:23 (8448 turns).

Essalna the Conjurer (Gargoyle Fire Elementalist)   Turns: 8448, Time: 00:19:23

Health: -4/52      AC: 13    Str: 11    XL:     9   Next: 94%
Magic:  18/18      EV: 12    Int: 20    God:    Vehumet [*.....]
Gold:   315        SH:  0    Dex: 10    Spells: 13/20 levels left

rFire   + . .      SeeInvis +   g - +8 dagger of Crystal {protect, rF+ rN+ SInv}
rCold   . . .      Faith    .   (no shield)
rNeg    + + .      Spirit   .   a - +0 robe
rPois   ∞          Reflect  .   (no helmet)
rElec   +          Harm     .   l - +0 cloak
rCorr   .          Rampage  .   (no gloves)
Will    .....                   m - +2 pair of boots
Stlth   ++........              s - amulet of magic regeneration
HPRegen 0.17/turn               (no ring)
MPRegen 0.41/turn               (no ring)

@: no status effects
A: sickness immunity, AC +6, negative energy resistance 1, electricity
resistance, torment resistance 1, petrification resistance
a: Renounce Religion


You were on level 7 of the Dungeon.
You worshipped Vehumet.
Vehumet was aware of your devotion.
You visited 2 branches of the dungeon, and saw 8 of its levels.

You collected 315 gold pieces.

Inventory:

Hand Weapons
 b - a +0 spear
 g - the +8 dagger of Crystal (weapon) {protect, rF+ rN+ SInv}
   (You found it on level 4 of the Dungeon)

   It grants its wielder temporary protection when it strikes (+7 to AC).
   rF:        It protects you from fire.
   rN:        It protects you from negative energy.
   SInv:      It lets you see invisible.
Armour
 a - a +0 robe (worn)
 l - a +0 cloak (worn)
 m - a +2 pair of boots (worn)
 r - the +0 plate armour "Dianeorila" {rF+ rC++ Slay+2}
   (You found it on level 5 of the Dungeon)

   Slay:      It affects your accuracy & damage with ranged weapons and melee
   (+2).
   rF:        It protects you from fire.
   rC:        It greatly protects you from cold.
Jewellery
 p - an amulet of the acrobat
 s - an amulet of magic regeneration (around neck)
Wands
 k - a wand of flame (13)
Scrolls
 c - a scroll of amnesia {unknown}
 e - 3 scrolls of enchant armour
 f - 5 scrolls of identify {unknown}
 h - a scroll of fog {unknown}
 j - a scroll of enchant weapon {unknown}
 n - a scroll of teleportation {unknown}
 q - a scroll of acquirement {unknown}
 t - a scroll of fear {unknown}
 w - a scroll of brand weapon {unknown}
 x - a scroll of vulnerability {unknown}
Potions
 d - 2 potions of curing
 i - a potion of berserk rage {unknown}
 o - a potion of brilliance {unknown}
 u - 2 potions of mutation {unknown}
 v - a potion of degeneration {unknown}
 z - a potion of cancellation {unknown}
 A - a potion of haste {unknown}


   Skills:
 + Level 4.2 Fighting
 + Level 4.2 Armour
 + Level 3.6 Dodging
 - Level 2.1 Stealth
 + Level 6.3 Spellcasting
 + Level 7.5 Conjurations
 + Level 7.3 Fire Magic


You had 13 spell levels left.
You knew the following spells:

 Your Spells              Type           Power      Damage    Failure   Level
a - Foxfire               Conj/Fire      100%       2x1d9     1%          1
b - Scorch                Fire           70%        2d8       1%          2
c - Flame Wave            Conj/Fire      36%        3d8       4%          4

Your spell library contained the following spells:

 Spells                   Type           Power      Damage    Failure   Level
 Sandblast                Erth           12%        2d6       10%         1
 Conjure Flame            Conj/Fire      36%        6-21      1%          3
 Inner Flame              Hex/Fire       21%        N/A       7%          3
 Blink                    Tloc           12%        N/A       16%         2
 Manifold Assault         Tloc           6%         N/A       95%         5
 Dispersal                Tloc           3%         N/A       100%        6
 Malign Gateway           Summ/Tloc      3%         N/A       100%        7
 Chain Lightning          Conj/Air       10%        3d14      100%        9
 Fire Storm               Conj/Fire      18%        8d5       100%        9
 Shatter                  Erth           3%         3d7*      100%        9


Dungeon Overview and Level Annotations

Branches:
Dungeon (7/15)             Temple (1/1) D:5

Altars:
Cheibriados
Dithmenos
Fedhas
Gozag
Hepliaklqana
Kikubaaqudgha
Makhleb
Nemelex Xobeh
Okawaru
Sif Muna
Uskayaw
Vehumet
Wu Jian
Xom
Zin
The Shining One

Shops:
D:4 (


Innate Abilities, Weirdness & Mutations

You are immune to sickness and miasma.
Your stone body is resilient. (AC +6)
You are immune to poison.
You resist negative energy. (rN+)
You are resistant to electric shocks. (rElec)
You are resistant to unholy torment.
You are immune to petrification.


Message History

It is a scroll of enchant armour.
Your +1 pair of boots glows green for a moment.
Okay, then.
You feel better.
The hellwing gives a chilling moan.
The centaur wields a +0 shortbow.
The centaur shoots an arrow.
The arrow barely misses you.
The hellwing swoops through the air toward you!
The hellwing hits you!
* * * LOW HITPOINT WARNING * * *
The hellwing misses you.
You hit the centaur.
Your weapon exudes an aura of protection.
The centaur is moderately wounded.
The centaur unwields a +0 shortbow.
The centaur hits you but does no damage.
The centaur kicks you but does no damage.
The hellwing closely misses you.
The hellwing hits you but does no damage.
The centaur wields a +0 shortbow.
The centaur shoots an arrow.
The arrow closely misses you.
Items here: ! ( ) †.
A kobold brigand comes into view.
It is wielding a +0 dagger and quivering poisoned darts.
The centaur shoots an arrow.
The arrow hits you!
* * * LOW HITPOINT WARNING * * *
The hellwing swoops through the air toward you!
The hellwing hits you.
* * * LOW HITPOINT WARNING * * *
The hellwing completely misses you.
The centaur shoots an arrow.
The arrow hits you.
* * * LOW HITPOINT WARNING * * *
The centaur shoots an arrow.
The arrow hits you but does no damage. The hellwing closely misses you.
The hellwing hits you but does no damage.
The kobold brigand throws a poisoned dart.
The poisoned dart barely misses you.
The centaur shoots an arrow.
The arrow hits you.
* * * LOW HITPOINT WARNING * * *
The centaur shoots an arrow.
The arrow hits you.
You die...

...85.
#........##
....## #..#
#....# #.Z##
#..# #K...##
##..###..#
##.c...##
#..Z4#..#
#)......#
#.§.#Z.#
#........#
#...####<#
##.........
#....# #.#
##........#.
#.... #..
#@4..##....#
#.... ##.#
#.........##
#.##. ..
.........##
..
............#
..##........#
..###...###.#
.. #..## .#
#. #.#


You could see a hellwing and a centaur.

Vanquished Creatures
  A centaur zombie (D:7)
  An unseen horror (D:6)
  A redback zombie (D:7)
  A water moccasin (D:6)
  A hornet zombie (D:5)
  A sky beast (D:5)
  3 ice beasts
  5 ogres
  A black bear (D:5)
  A centaur (D:6)
  A phantom (D:3)
  3 howler monkeys (D:7)
  A bullfrog zombie (D:6)
  2 orc priests
  Crazy Yiuf (D:4)
  2 centaur skeletons
  2 jellies
  5 iguanas
  Terence (D:2)
  3 orc wizards
  A hound skeleton (D:4)
  A gnoll (D:1)
  6 adders
  A howler monkey skeleton (D:6)
  3 shadow imps
  A white imp (D:7)
  An ufetubus (D:5)
  6 worms
  2 dart slugs
  20 orcs
  8 endoplasms
  6 giant cockroaches
  6 goblins
  10 hobgoblins
  4 jackals (D:4)
  4 quokkas
  7 ball pythons
  4 bats
  7 frilled lizards
  8 kobolds
  4 rats
147 creatures vanquished.

Vanquished Creatures (collateral kills)
  2 foxfires (D:7)
2 creatures vanquished.

Vanquished Creatures (others)
  493 foxfires
  10 withered plants (D:7)
503 creatures vanquished.

Grand Total: 652 creatures vanquished

Notes
Turn   | Place    | Note
-------+----------+-------------------------------------------
     0 | D:1      | Essalna the Gargoyle Fire Elementalist began the quest for
                  | the Orb.
     0 | D:1      | Reached XP level 1. HP: 10/10 MP: 3/3
    39 | D:1      | Reached XP level 2. HP: 15/15 MP: 0/5
   328 | D:1      | Found a faded altar of an unknown god.
   594 | D:1      | Reached XP level 3. HP: 19/19 MP: 2/6
   772 | D:1      | You fall into a shaft and drop 1 floor!
  1083 | D:1      | Got Sauleoly's Incunabulum of Displacement
  1989 | D:2      | Reached XP level 4. HP: 24/24 MP: 4/8
  1992 | D:2      | Learned a level 2 spell: Scorch
  2110 | D:2      | Found an iron altar of Okawaru.
  2373 | D:2      | Noticed Terence
  3640 | D:3      | Noticed a phantom
  3663 | D:3      | Killed a phantom
  3664 | D:3      | Reached XP level 5. HP: 20/28 MP: 0/10
  4153 | D:4      | Found Xomol's Antique Weapon Boutique.
  4176 | D:4      | Reached XP level 6. HP: 32/32 MP: 7/11
  4221 | D:4      | Identified the +8 dagger of Crystal {protect, rF+ rN+ SInv}
  4319 | D:2      | Killed Terence
  5120 | D:4      | Found a runed translucent door.
  5121 | D:4      | Noticed Crazy Yiuf
  5127 | D:4      | Killed Crazy Yiuf
  5701 | D:5      | Entered Level 5 of the Dungeon
  5701 | D:5      | Found a shimmering blue altar of Sif Muna.
  5838 | D:5      | Noticed a black bear
  5844 | D:5      | Killed a black bear
  5845 | D:5      | Reached skill level 5 in Fire Magic
  5845 | D:5      | Reached XP level 7. HP: 36/36 MP: 6/13
  5899 | D:5      | Found a staircase to the Ecumenical Temple.
  5908 | Temple   | Entered the Ecumenical Temple
  5915 | Temple   | Became a worshipper of Vehumet
  6152 | D:5      | Reached skill level 5 in Conjurations
  6411 | D:5      | Reached XP level 8. HP: 29/41 MP: 7/15
  6548 | D:5      | Identified the +0 plate armour "Dianeorila" {rF+ rC++
                  | Slay+2}
  6628 | D:5      | Found a sparkling altar of Nemelex Xobeh.
  6722 | D:5      | Reached skill level 5 in Spellcasting
  7104 | D:6      | Learned a level 4 spell: Flame Wave
  7196 | D:6      | Reached skill level 1 in Armour
  7239 | D:6      | Reached skill level 1 in Fighting
  7659 | D:6      | Reached * piety under Vehumet
  7659 | D:6      | Offered knowledge of Sandblast by Vehumet.
  7662 | D:6      | Reached XP level 9. HP: 49/49 MP: 11/17
  7683 | D:6      | Noticed an unseen horror
  7693 | D:6      | Killed an unseen horror
  8143 | D:7      | Noticed a hellwing
  8147 | D:7      | Noticed a hellwing
  8446 | D:7      | HP: 2/52 [centaur/arrow (2)]
  8448 | D:7      | Shot with an arrow by a centaur

Illustrated notes

Levels and vault maps discovered:
D:1:      sevenhm_arrival_forest_fort_large_3, layout_basic,
          shapermc_ecumenical_altar_notcrosses, hex_tiny
D:2:      layout_basic, basic_altar, uniq_terence
D:3:      layout_loops_ring, kennysheep_generic_room_5
D:4:      layout_loops_corners, nicolae_stop_n_shop_2, uniq_crazy_yiuf_cottage
D:5:      layout_loops_corners, old_standard_altar, lemuel_crystal_altar,
          temple_hall
D:6:      layout_basic, solitary_fountain,
          hangedman_abyss_or_decor_jellyfish_corner, minmay_misc_feat_enclosed
D:7:      cheibrodos_grave_circle, layout_layer_cave
Temple:   nicolae_temple_x_marks_the_god

Skill      XL: |  1  2  3  4  5  6  7  8  9 |
---------------+----------------------------+-----
Conjurations   | 2 3 4 5 6 7 |  7.5
Spellcasting   | 3 4 5 6 |  6.3
Fire Magic     | 4 5 6 7 |  7.3
Armour         | 2 4 |  4.2
Fighting       | 2 4 |  4.2
Dodging        | 2 3 |  3.6
Stealth        | |  2.1

Action                   |  1- 3 |  4- 6 |  7- 9 || total
-------------------------+-------+-------+-------++-------
Melee: Spear             |    46 |    48 |       ||    94
       Dagger            |       |    27 |    58 ||    85
 Cast: Foxfire           |    86 |   104 |   114 ||   304
       Scorch            |       |    15 |    44 ||    59
       Flame Wave        |       |       |     1 ||     1
  Use: Potion            |       |       |     2 ||     2
       Scroll            |       |       |     1 ||     1
 Stab: Sleeping          |     3 |     4 |     1 ||     8
Armor: Robe              |     9 |    33 |    98 ||   140
Dodge: Dodged            |    18 |    36 |    87 ||   141

Table legend: (Time is in decaauts)
 A = Elapsed time spent in this place.
 B = Non-inter-level travel time spent in this place.
 C = Inter-level travel time spent in this place.
 D = Time resting spent in this place.
 E = Time spent auto-exploring this place.
 F = Levels seen in this place.
 G = Mean time per level.
                   A        B        C        D        E       F      G
               +--------+--------+--------+--------+--------+-----+--------+
         Total |   8464 |   8104 |    360 |     79 |   6814 |   8 | 1058.0 |
       Dungeon |   8452 |   8095 |    357 |     79 |   6814 |   7 | 1207.4 |
        Temple |     11 |      8 |      3 |      0 |      0 |   1 |   11.0 |
               +--------+--------+--------+--------+--------+-----+--------+

Top non-repeatable levels by time:
     D:1: 1727 daAuts
     D:2: 1503 daAuts
     D:5: 1352 daAuts
     D:4: 1348 daAuts
     D:3: 1137 daAuts
     D:6: 1070 daAuts
     D:7: 313 daAuts
  Temple: 11 daAuts
